Map: Deathaura LE

Players

Stats - Winner!

  • Race: Protoss Protoss
  • League: Grandmaster
  • Spawn Location: 11:00

Zest

  • Race: Protoss Protoss
  • League: Master
  • Spawn Location: 5:00

Event: TSL 6

VOD

https://www.youtube.com/watch?v=9VRg4FBaAn0&t=19m46s

Description

Time

  • Played on: Dec. 18, 2020, 10:31 a.m.
  • Length: 6:54

All games in this series

Show
View Real Time Build Order
Export as new Build Order

Stats Protoss - Winner!

Build Orders:  

Get SALT Encoding   

  12  0:00  Probe  
  13  0:12  Probe  
  14  0:17  Pylon  
  14  0:24  Probe (Chrono Boost)  
  15  0:36  Probe (Chrono Boost)  
  15  0:37  Gateway  
  16  0:44  Probe (Chrono Boost)  
  16  0:45  Assimilator  
  17  0:51  Probe  
  17  0:55  Assimilator  
  18  1:03  Probe (Chrono Boost)  
  19  1:07  Gateway  
  19  1:14  Probe (Chrono Boost)  
  20  1:19  Probe (Chrono Boost)  
  20  1:24  Cybernetics Core  
  21  1:29  Probe  
  22  1:33  Pylon  
  22  1:41  Probe  
  23  1:53  Probe  
  24  1:59  Warp Gate (Chrono Boost)  
  24  2:02  Stalker x2  
  28  2:14  Pylon  
  28  2:32  Stalker x2  
  32  2:47  Gateway  
  32  2:56  Gateway  
  32  3:02  Stalker x2  
  36  3:07  Pylon  
  35  3:18  Pylon  
  35  3:46  Stalker x2  
  35  3:47  Stalker  
  41  3:50  Stalker  
  43  4:10  Stalker  
  43  4:11  Stalker x2  
  43  4:15  Stalker  
  41  4:37  Stalker x2  
  41  4:38  Sentry  
  45  4:43  Stalker  
  45  5:03  Adept x3  
  51  5:27  Stalker x2  
  55  5:30  Pylon  
  47  5:52  Stalker x3  
  47  5:56  Adept  
  53  6:16  Adept x3  
  55  6:20  Adept  
  49  6:49  Adept  
  49  6:50  Adept x3  
Show
View Real Time Build Order
Export as new Build Order

Zest Protoss 

Build Orders: Nexus First 

Get SALT Encoding   

  12  0:00  Probe  
  13  0:12  Probe  
  14  0:18  Pylon  
  14  0:24  Probe (Chrono Boost)  
  15  0:36  Probe (Chrono Boost)  
  16  0:45  Probe (Chrono Boost)  
  17  0:51  Probe  
  18  0:59  Nexus  
  18  1:09  Gateway  
  18  1:12  Probe  
  19  1:19  Assimilator  
  19  1:24  Probe  
  20  1:26  Assimilator  
  20  1:36  Probe  
  21  1:42  Gateway  
  21  1:48  Probe  
  22  2:01  Probe  
  23  2:02  Cybernetics Core  
  23  2:11  Probe  
  23  2:13  Probe  
  25  2:23  Probe  
  25  2:25  Probe  
  27  2:35  Stalker (Chrono Boost)  
  27  2:36  Stalker (Chrono Boost), Warp Gate (Chrono Boost)  
  28  2:37  Probe  
  28  2:43  Robotics Facility  
  32  2:49  Shield Battery  
  32  2:58  Stalker  
  32  3:00  Stalker  
  36  3:12  Pylon  
  36  3:30  Pylon, Immortal (Chrono Boost)  
  40  3:37  Shield Battery  
  39  3:47  Shield Battery  
  39  3:50  Probe x2  
  41  4:02  Immortal (Chrono Boost)  
  45  4:17  Stalker x2  
  45  4:18  Probe x2  
  45  4:20  Pylon  
  43  4:32  Shield Battery  
  39  4:40  Immortal (Chrono Boost)  
  39  4:42  Shield Battery  
  39  4:44  Stalker  
  45  4:45  Sentry  
  47  4:58  Shield Battery  
  43  5:09  Stalker  
  43  5:13  Immortal (Chrono Boost)  
  47  5:45  Gateway  
  47  5:47  Gateway, Immortal (Chrono Boost)  
  47  5:49  Gateway  
  50  5:54  Probe x2  
  51  6:04  Gateway  
  51  6:08  Gateway  
  48  6:18  Probe x2  
  48  6:21  Gateway  
  49  6:30  Probe x2  
  51  6:33  Pylon  
  49  6:43  Pylon  
  49  6:46  Stalker x2, Pylon  
Tags
 
Event
TSL 6
Matchup
PvP
Player
StatsZest
Spawn Locations
Cross Positions
Add a new tag
Caveats
  • Supply blocks, unpowered buildings, or Contaminate may cause inaccurate times.
  • Supply counts are checked every 10 seconds.